 Dungeon Crawl Stone Soup version 0.30.0-10-gfe55d96785 (webtiles) character file.

Game seed: 3753024443509634899

253908 MacCMillion the Wrestler (level 19, -13/198 HPs)
             Began as a Troll Fighter on May 14, 2023.
             Was a High Priest of Okawaru.
             Killed from afar by a deep elf annihilator (61 damage)
             ... with a crystal spear
             ... on level 3 of the Elven Halls.
             The game lasted 01:46:48 (41464 turns).

MacCMillion the Wrestler (Troll Fighter)           Turns: 41464, Time: 01:46:49

Health: -13/198    AC: 20    Str: 35    XL:     19   Next: 39%
Magic:  24/24      EV:  7    Int:  4    God:    Okawaru [*****.]
Gold:   2927       SH: 17    Dex:  7    Spells: 18/18 levels left

rFire   + .          .
                       - Unarmed
rCold   + . .        W - +0 tower shield
rNeg    . . .        u - +0 storm dragon scales
rPois   .            O - +2 hat
rElec   +            I - scarf of Purpose {rC+ rF+, Will+ Dex-2 Slay+3 SInv}
rCorr   .            (gloves unavailable)
SInv    +            (boots unavailable)
Will    +++..        Z - amulet of regeneration Stlth
                     j - +4 ring of protection
HPRegen 2.13/turn    J - ring of willpower
MPRegen 0.19/turn

%: no passive effects
@: finesse-ful, studying Axes
A: large, unfitting armour, claws 3, regeneration 1, shaggy fur 1, tough skin 1
}: 1/15 runes: decaying
a: Renounce Religion, Heroism, Finesse, Duel


You were on level 3 of the Elven Halls.
You worshipped Okawaru.
Okawaru was extremely pleased with you.
You visited 7 branches of the dungeon, and saw 34 of its levels.
You visited 1 bazaar.
You also visited: Sewer, Bailey, Gauntlet, Ice Cave and Volcano.

You collected 3809 gold pieces.
You spent 882 gold pieces at shops.

Inventory:

Missiles
 h - 4 javelins (quivered)
 n - 3 atropa-tipped darts
 o - 10 silver javelins
 y - 33 large rocks
 E - 3 datura-tipped darts
 F - 2 throwing nets
 N - 18 boomerangs
 S - 8 curare-tipped darts
Armour
 b - +0 swamp dragon scales
 u - +0 storm dragon scales (worn)
 I - the scarf of Purpose (worn) {rC+ rF+, Will+ Dex-2 Slay+3 SInv}
   (You acquired it on level 2 of the Lair of Beasts)

   Dex:       It affects your dexterity (-2).
   Slay:      It affects your accuracy & damage with ranged weapons and melee
   (+3).
   SInv:      It lets you see invisible.
   Will:      It increases your willpower.
 O - a +2 hat (worn)
 W - a +0 tower shield (worn)
 X - quicksilver dragon scales
Jewellery
 a - a ring of protection from fire
 j - a +4 ring of protection (left claw)
 t - a +5 ring of evasion
 B - a ring of poison resistance
 D - a ring of see invisible
 J - a ring of willpower (right claw)
 M - a ring of flight
 Q - the ring "Orear" {rC+ Str+6}
   (You found it in a Gauntlet)

   [ring of protection from cold]

   Str:       It affects your strength (+6).
   rC:        It protects you from cold.
 V - a ring of willpower
 Z - an amulet of regeneration (around neck)
Wands
 G - a wand of flame (45)
 K - a wand of digging (9)
 L - a wand of light (12)
 U - a wand of iceblast (35)
Scrolls
 d - 4 scrolls of vulnerability
 i - 9 scrolls of fear
 k - 9 scrolls of silence
 l - 4 scrolls of fog
 q - 7 scrolls of enchant armour
 r - 5 scrolls of immolation
 w - 7 scrolls of magic mapping
 A - 3 scrolls of blinking
 C - 4 scrolls of poison
 H - 7 scrolls of teleportation
 P - 2 scrolls of torment
Potions
 c - 5 potions of might
 e - 2 potions of invisibility
 f - 15 potions of curing
 g - 4 potions of heal wounds
 m - 7 potions of attraction
 p - 3 potions of berserk rage
 s - 9 potions of mutation
 v - 5 potions of cancellation
 x - 4 potions of lignification
 z - 7 potions of flight
 R - 7 potions of haste
 T - 2 potions of resistance
 Y - 6 potions of ambrosia


   Skills:
 + Level 14.4 Fighting
 + Level 10.8 Throwing
 - Level 4.9 Armour
 - Level 7.9 Dodging
 + Level 15.2 Shields
 * Level 21.5 Unarmed Combat
 - Level 8.0 Invocations


You had 18 spell levels left.
You didn't know any spells.
Your spell library contained the following spells:

 Spells                   Type           Power      Damage    Failure   Level
 Apportation              Tloc           0%         N/A       99%         1
 Magic Dart               Conj           0%         1d3       99%         1
 Necrotise                Necr           0%         1d4       99%         1
 Sandblast                Erth           0%         2d4       99%         1
 Shock                    Conj/Air       0%         1d3       99%         1
 Slow                     Hex            0%         N/A       99%         1
 Sting                    Tmut/Pois      0%         1d3       99%         1
 Blink                    Tloc           0%         N/A       99%         2
 Cigotuvi's Dreadful Rot  Necr/Pois/Air  0%         N/A       99%         2
 Ensorcelled Hibernation  Hex/Ice        0%         N/A       99%         2
 Lesser Beckoning         Tloc           0%         N/A       99%         2
 Momentum Strike          Conj/Tloc      0%         3d8       99%         2
 Passwall                 Tmut/Erth      0%         N/A       99%         2
 Poisonous Vapours        Pois/Air       0%         N/A       99%         2
 Searing Ray              Conj           0%         2d4       99%         2
 Confusing Touch          Hex            0%         N/A       100%        3
 Dazzling Flash           Conj/Hex       0%         N/A       100%        3
 Frozen Ramparts          Ice            0%         1d1       100%        3
 Gell's Gravitas          Tloc           0%         N/A       100%        3
 Ignite Poison            Fire/Tmut/Pois 0%         N/A       100%        3
 Inner Flame              Hex/Fire       0%         N/A       100%        3
 Mephitic Cloud           Conj/Pois/Air  0%         N/A       100%        3
 Portal Projectile        Hex/Tloc       0%         N/A       100%        3
 Stone Arrow              Conj/Erth      0%         3d7       100%        3
 Swiftness                Air            0%         N/A       100%        3
 Teleport Other           Tloc           0%         N/A       100%        3
 Vampiric Draining        Necr           0%         2d6       100%        3
 Airstrike                Air            0%         2d(0-16)  100%        4
 Fulminant Prism          Conj/Hex       0%         3d5       100%        4
 Ice Form                 Ice/Tmut       0%         N/A       100%        4
 Leda's Liquefaction      Hex/Erth       0%         N/A       100%        4
 Olgreb's Toxic Radiance  Pois           0%         N/A       100%        4
 Sticky Flame             Conj/Fire      0%         2d3       100%        4
 Agony                    Necr           0%         N/A       100%        5
 Blade Hands              Tmut           0%         N/A       100%        5
 Freezing Cloud           Conj/Ice/Air   0%         6-21      100%        5
 Lee's Rapid Deconstruct  Erth           0%         3d4*      100%        5
 Silence                  Hex/Air        0%         N/A       100%        5
 Yara's Violent Unravell  Hex/Tmut       0%         3d3       100%        5
 Iron Shot                Conj/Erth      0%         9d1       100%        6
 Statue Form              Tmut/Erth      0%         N/A       100%        6
 Enfeeble                 Hex            0%         N/A       100%        7
 Ozocubu's Refrigeration  Ice            0%         4d7       100%        7
 Ignition                 Fire           0%         3d3       100%        8
 Lehudib's Crystal Spear  Conj/Erth      0%         10d2      100%        8
 Polar Vortex             Ice            0%         N/A       100%        9
 Summon Small Mammal      Summ           Unusable   N/A       N/A         1
 Call Canine Familiar     Summ           Unusable   N/A       N/A         3
 Animate Armour           Summ/Erth      Unusable   N/A       N/A         4
 Summon Ice Beast         Ice/Summ       Unusable   N/A       N/A         4
 Simulacrum               Ice/Necr       Unusable   N/A       N/A         6

Dungeon Overview and Level Annotations

Branches:
Dungeon (15/15)            Temple (1/1) D:6            Lair (5/5) D:11
  Swamp (4/4) Lair:3        Snake (4/4) Lair:2        Slime (0/5) Lair:4
    Orc (2/2) D:10            Elf (3/3) Orc:2        Vaults (0/5) D:13
 Depths (0/4) D:15          Sewer (visited)          Bailey (visited)
  IceCv (visited)         Volcano (visited)         Gauntlet (visited)

Altars:
Ashenzari
Cheibriados
Dithmenos
Elyvilon
Fedhas
Gozag
Hepliaklqana
Kikubaaqudgha
Makhleb
Nemelex Xobeh
Okawaru
Qazlal
Ru
Sif Muna
Trog
Uskayaw
Vehumet
Wu Jian
Xom
Yredelemnul
Zin
The Shining One

Shops:
D:3 [   D:4 *   D:7 [   D:10 ?   Orc:1 (   Orc:2 =*(:   Elf:1 ***??

Annotations:
D:6 2 transporters
Lair:5 exclusion: obsidian statue
Elf:2 3 runed translucent doors


Innate Abilities, Weirdness & Mutations

You are too large for most types of armour.
You have claws for hands.
Your natural rate of healing is unusually fast.
You are covered in fur. (AC +1)
You have tough skin. (AC +1)


Message History

The deep elf master archer is heavily wounded.
The deep elf master archer shoots an arrow.
The arrow hits you!! The arrow burns you.
You mangle the deep elf master archer!!
The deep elf master archer is almost dead.
The deep elf master archer shoots an arrow.
You block the arrow.
You mangle the deep elf master archer!!
You kill the deep elf master archer!
Okawaru accepts your kill.
The deep elf annihilator mumbles some strange words.
The deep elf annihilator blinks!
Things that are here:
a +1 longbow of flaming; a +0 scale mail You see here 5 javelins.
A deep elf annihilator comes into view.
It is wielding a +0 long sword and wearing the ring "Qaff" {rElec Will+ Dex+4 Stlth-}.
The deep elf annihilator shouts!
A deep elf archer comes into view. It is wielding a +0 dagger.
The deep elf annihilator points at you and mumbles some strange words.
You block the crystal spear.
There is an open door, spattered with blood here.
The deep elf annihilator gestures wildly while chanting.
The deep elf annihilator blinks!
The deep elf archer unwields a +0 dagger.
The deep elf archer wields a +0 longbow.
The deep elf archer shoots an arrow.
You block the arrow.
The deep elf annihilator gestures wildly while chanting.
The deep elf annihilator blinks!
The deep elf archer shoots an arrow.
You block the arrow.
The deep elf annihilator gestures at you while chanting.
The bolt of lightning hits you! You resist.
You hear a shout! x5
The deep elf archer shoots an arrow.
You block the arrow.
The deep elf annihilator casts a spell at you.
The crystal spear hits you!!!
* * * LOW HITPOINT WARNING * * *
The deep elf archer shoots an arrow.
You block the arrow.
The deep elf annihilator gestures at you while chanting.
The crystal spear hits you!!!
You die...

#)# #### #(#
#..####.# #....##'#
#.......##
#......e.###
#######......e...###
......'......[.[...#
#######.......[[@.##
#.:....[)...#
#...e.....###
#..)..##### #..####
#.## ##.# #e.# #.##


You could see 2 deep elf annihilators and a deep elf archer (repels missiles).

Vanquished Creatures
  Jorgrun (D:14)
  Rupert (Snake:1)
  A deep elf master archer (Elf:3)
  2 quicksilver dragons (Snake:4)
  2 deep elf blademasters (Elf:3)
  Kirke (D:13)
  Agnes (D:14)
  A thorn hunter (Swamp:4)
  Donald (Swamp:2)
  Roxanne (Snake:1)
  A fenstrider witch (Swamp:2)
  5 nagarajas
  A deep elf sorcerer (Elf:1)
  An azure jelly (IceCv)
  Louise (Lair:2)
  A deep elf elementalist (Elf:3)
  A quicksilver ooze (IceCv)
  A quicksilver ooze (shapeshifter) (D:11)
  A war gargoyle (D:12)
  4 eleionomae
  A deep elf annihilator (Elf:3)
  Azrael (Elf:1)
  Nessos (Lair:5)
  2 dire elephants (Lair:5)
  3 bunyips (Swamp:2)
  A minotaur (Gauntlet)
  An ettin (D:15)
  Snorg (Orc:1)
  2 deep elf high priests (Elf:3)
  Josephine (Orc:2)
  Harold (Lair:2)
  A shambling mangrove (Swamp:4)
  A ghost crab (Swamp:3)
  Fannar (Lair:3)
  5 salamander tyrants
  5 anacondas
  5 ogre magi
  21 hydras
  6 centaur warriors
  2 boulder beetles
  12 dancing weapons
  18 two-headed ogres
  8 death yaks
  13 naga warriors
  5 alligators
  5 tengu warriors
  Urug (Lair:4)
  11 naga sharpshooters
  16 spriggans
  5 deep elf knights
  Sonja (Lair:5)
  4 shock serpents
  A sixfirhy (Gauntlet)
  A hell knight (D:15)
  A skeletal warrior (D:13)
  2 spectral death yaks (Lair:5)
  5 skysharks
  6 salamander mystics
  7 goliath frogs
  2 spectral anacondas (Snake:3)
  7 spriggan druids
  2 sea snakes (Snake:2)
  8 naga ritualists
  12 swamp dragons
  2 wizards (D:15)
  3 bog bodies
  10 deep elf archers
  A lindwurm (Lair:4)
  2 anaconda skeletons (Snake:3)
  2 necromancers (Lair:5)
  5 orc sorcerers
  3 orc knights
  29 deep elf pyromancers
  10 deep elf zephyrmancers
  12 mana vipers
  7 will-o-the-wisps
  3 manticores
  7 cyclopes
  25 salamanders
  17 elephants
  11 ugly things
  A torpor snail (Lair:4)
  7 guardian serpents
  15 naga magi
  A smoke demon (Gauntlet)
  48 black mambas
  5 gargoyles (D:12)
  2 demonic crawlers
  A cane toad (shapeshifter) (D:13)
  An ice statue (IceCv)
  9 cane toads
  4 centaur skeletons (D:13)
  A spectral sea snake (Snake:3)
  A dire elephant skeleton (Lair:5)
  An unseen horror (D:12)
  A minotaur zombie (Gauntlet)
  A rime drake (Lair:4)
  A hellion (Gauntlet)
  An efreet (D:13)
  7 komodo dragons
  4 anaconda simulacra (Snake:3)
  A tengu conjurer (D:13)
  A sea snake skeleton (Snake:3)
  7 tyrant leeches
  2 trolls (shapeshifter)
  3 bloated husks (Swamp:1)
  18 hornets
  2 trolls
  A blink frog (shapeshifter) (D:12)
  9 blink frogs
  14 dream sheep
  4 spectral guardian serpents (Snake:3)
  A spectral elephant (Lair:5)
  2 air elementals (Elf:2)
  A guardian serpent skeleton (Snake:3)
  23 slime creatures (IceCv)
  7 wraiths
  6 water elementals
  7 wyverns
  41 yaks
  5 basilisks
  9 fire elementals
  6 hogs (D:13)
  A spectral cane toad (Lair:5)
  6 steam dragons
  6 vampire mosquitoes
  22 swamp worms
  32 nagas
  A sea snake simulacrum (Snake:3)
  2 death yak simulacra (Lair:5)
  A warg (Orc:1)
  Edmund (D:6)
  12 water moccasins
  6 hell hounds
  Duvessa (D:7)
  3 sky beasts (D:7)
  9 swamp drakes
  Pargi (Sewer)
  An ice beast (D:6)
  3 elephant zombies (Lair:5)
  3 black bears
  30 orc warriors
  A great orb of eyes simulacrum (IceCv)
  A boggart (D:13)
  30 ogres
  10 wolves (Lair:1)
  A phantom (D:4)
  7 centaurs
  2 elephant skeletons (Lair:5)
  4 slime creature simulacra (IceCv)
  4 kobold brigands
  13 bullfrogs
  A naga simulacrum (Snake:3)
  3 earth elementals
  3 gnoll sergeants
  4 scorpions
  A cane toad simulacrum (Lair:5)
  3 glowing shapeshifter simulacra (IceCv)
  20 wights
  Dowan (D:7)
  A killer bee (D:7)
  3 spectral nagas (Snake:3)
  An elephant simulacrum (Lair:5)
  5 electric eels
  4 howler monkeys
  18 orc priests
  8 hounds
  Crazy Yiuf (D:7)
  2 gnoll boudas
  2 sleepcaps (D:7)
  3 iguanas
  20 orc wizards
  5 hell rats (Lair:2)
  3 shapeshifter simulacra (IceCv)
  2 naga skeletons (Snake:3)
  30 gnolls
  5 adders
  2 white imps (D:7)
  3 ufetubi
  2 worms (D:3)
  A dart slug (D:2)
  94 orcs
  3 bats
  2 endoplasms
  2 giant cockroaches
  11 goblins
  5 hobgoblins
  3 jackals (D:3)
  4 quokkas
  3 ball pythons
  3 frilled lizards
  24 kobolds
  3 rats
1203 creatures vanquished.

Vanquished Creatures (others)
  A black mamba (Snake:2)
  3 bloated husks
  A raiju (Gauntlet)
  A swamp drake (Swamp:3)
  An orc (Orc:2)
  17 foxfires
24 creatures vanquished.

Grand Total: 1227 creatures vanquished

Notes
Turn   | Place    | Note
-------+----------+-------------------------------------------
     0 | D:1      | MacCMillion the Troll Fighter began the quest for the Orb.
     0 | D:1      | Reached XP level 1. HP: 22/22 MP: 0/0
   527 | D:1      | Reached XP level 2. HP: 29/29 MP: 1/1
  1038 | D:2      | Found a bloodstained altar of Trog.
  1441 | D:2      | Reached XP level 3. HP: 14/37 MP: 2/2
  1481 | D:3      | Reached skill level 3 in Unarmed Combat
  1481 | D:3      | Reached XP level 4. HP: 38/45 MP: 1/3
  1553 | D:3      | Found a faded altar of an unknown god.
  1563 | D:3      | Found Osytsixt's Armour Shop.
  1623 | D:3      | Noticed an ogre
  1628 | D:3      | Killed an ogre
  1629 | D:3      | Reached XP level 5. HP: 36/53 MP: 2/4
  1676 | D:3      | Reached XP level 6. HP: 56/62 MP: 5/5
  1723 | D:3      | Found a glowing drain.
  1732 | D:3      | Reached skill level 4 in Unarmed Combat
  1740 | Sewer    | Entered a sewer
  1743 | Sewer    | Noticed Pargi
  1754 | Sewer    | Killed Pargi
  2556 | D:4      | Found Kaschuca's Gadget Gallery.
  3015 | D:4      | Reached XP level 7. HP: 70/70 MP: 6/6
  3169 | D:4      | Found an opulent altar of Gozag.
  3172 | D:4      | Found a radiant altar of Vehumet.
  3175 | D:4      | Found a sparkling altar of Nemelex Xobeh.
  3366 | D:5      | Entered Level 5 of the Dungeon
  3405 | D:5      | Reached skill level 5 in Shields
  3411 | D:5      | Reached skill level 5 in Unarmed Combat
  3545 | D:5      | Found a broken altar of Ashenzari.
  4044 | D:6      | Reached skill level 5 in Fighting
  4059 | D:6      | Noticed Edmund
  4068 | D:6      | Killed Edmund
  4069 | D:6      | Reached XP level 8. HP: 37/80 MP: 4/7
  4155 | D:6      | Found a transporter.
  4183 | D:6      | Reached skill level 6 in Unarmed Combat
  4215 | D:6      | Found a transporter.
  4502 | D:6      | Found a staircase to the Ecumenical Temple.
  4513 | Temple   | Entered the Ecumenical Temple
  4792 | Temple   | Became a worshipper of Warmaster Okawaru
  5236 | D:7      | Reached skill level 7 in Unarmed Combat
  5242 | D:6      | Reached XP level 9. HP: 77/89 MP: 6/8
  5307 | D:7      | Found a glowing silver altar of Zin.
  5391 | D:7      | Reached * piety under Okawaru
  5476 | D:7      | Noticed Duvessa
  5510 | D:7      | Killed Duvessa
  5537 | D:7      | Noticed Dowan
  5551 | D:7      | Killed Dowan
  5719 | D:7      | Reached ** piety under Okawaru
  5720 | D:7      | Reached skill level 8 in Unarmed Combat
  5783 | D:7      | Paralysed by a hornet for 1 turns
  5789 | D:7      | Paralysed by a hornet for 1 turns
  5794 | D:7      | Reached XP level 10. HP: 80/102 MP: 6/9
  6266 | D:7      | Found Xeetzu's Antique Armour Shoppe.
  6271 | D:7      | Bought an embroidered hat for 252 gold pieces
  6282 | D:7      | Found a hide-covered altar of Uskayaw.
  6317 | D:7      | Found a runed translucent door.
  6318 | D:7      | Noticed Crazy Yiuf
  6546 | D:7      | Killed Crazy Yiuf
  6585 | D:8      | Noticed a two-headed ogre
  6621 | D:7      | Paralysed by a hornet for 1 turns
  7093 | D:8      | Killed a two-headed ogre
  7589 | D:9      | Reached skill level 9 in Unarmed Combat
  7598 | D:9      | Reached skill level 5 in Dodging
  7609 | D:9      | Reached *** piety under Okawaru
  7966 | D:9      | Found a basalt altar of Yredelemnul.
  8144 | D:10     | Entered Level 10 of the Dungeon
  8165 | D:10     | Identified a scroll of acquirement
  8213 | D:10     | Found a large runed translucent door.
  8213 | D:10     | Found a large runed translucent door.
  8235 | D:10     | Found Zush's Magic Scroll Emporium.
  8253 | D:10     | Reached skill level 1 in Throwing
  8253 | D:10     | Reached skill level 1 in Invocations
  8376 | D:10     | Noticed a two-headed ogre
  8408 | D:10     | Reached XP level 11. HP: 111/111 MP: 11/11
  8457 | D:10     | Found a flagged portal.
  8477 | Bailey   | Entered a bailey
  8678 | Bailey   | Reached **** piety under Okawaru
  8873 | D:10     | Found a staircase to the Orcish Mines.
  9310 | D:10     | Killed a two-headed ogre
  9379 | D:10     | Found the +2 ratskin cloak {*Rats rPois rN+ Str-1 Int-1
                  | Dex+1}
  9802 | D:10     | Found a shimmering altar of Xom.
  9811 | D:10     | Found a glowing golden altar of the Shining One.
 10122 | D:11     | Found a staircase to the Lair.
 10364 | D:11     | Noticed a seven-headed hydra
 10610 | D:11     | Noticed a quicksilver ooze
 10624 | D:11     | Killed a quicksilver ooze
 10624 | D:11     | Reached ***** piety under Okawaru
 10624 | D:11     | Received a gift from Okawaru
 10880 | Lair:1   | Entered Level 1 of the Lair of Beasts
 10938 | Lair:1   | Reached skill level 5 in Throwing
 10938 | Lair:1   | Reached skill level 5 in Invocations
 11063 | Lair:1   | Received a gift from Okawaru
 11177 | Lair:1   | Received a gift from Okawaru
 12192 | Lair:2   | Reached XP level 12. HP: 99/119 MP: 13/17
 12214 | Lair:2   | Acquired the scarf of Purpose {rC+ rF+, Will+ Dex-2 Slay+3
                  | SInv}
 12301 | Lair:2   | Noticed Harold
 12306 | Lair:2   | Found a stormy altar of Qazlal.
 12311 | Lair:2   | Killed Harold
 12501 | Lair:2   | Found a staircase to the Snake Pit.
 13139 | Lair:3   | Noticed Fannar
 13199 | Lair:3   | Killed Fannar
 13200 | Lair:3   | Reached skill level 10 in Unarmed Combat
 13735 | Lair:3   | Found a staircase to the Swamp.
 13744 | Lair:3   | Identified the +6 quick blade of Sloth {heavy, rPois}
                  | (Okawaru gifted it to you on level 3 of the Lair of Beasts)
 13744 | Lair:3   | Received a gift from Okawaru
 13850 | Lair:3   | Reached skill level 11 in Unarmed Combat
 13921 | Lair:3   | Noticed a death yak
 13921 | Lair:3   | Noticed a death yak
 13983 | Lair:2   | Killed a death yak
 14109 | Lair:3   | Noticed a death yak
 14127 | Lair:2   | Killed a death yak
 14158 | Lair:3   | Killed a death yak
 14858 | Lair:3   | Reached ****** piety under Okawaru
 14858 | Lair:3   | Received a gift from Okawaru
 14879 | Lair:4   | Reached XP level 13. HP: 114/131 MP: 18/18
 14910 | Lair:4   | Reached skill level 10 in Shields
 14922 | Lair:4   | Found a frozen archway.
 14932 | IceCv    | Entered an ice cave
 15014 | IceCv    | Noticed a quicksilver ooze
 15023 | IceCv    | Killed a quicksilver ooze
 15023 | IceCv    | Received a gift from Okawaru
 15031 | IceCv    | Reached skill level 12 in Unarmed Combat
 15182 | IceCv    | Noticed an azure jelly
 15195 | IceCv    | Killed an azure jelly
 15196 | IceCv    | Found a viscous altar of Jiyva.
 15221 | IceCv    | Got the Precepts of Cold
 15222 | IceCv    | Identified the +1 pair of gloves "Utaliel" {rCorr Int+2
                  | Dex+2}
 15321 | IceCv    | Received a gift from Okawaru
 15420 | Lair:4   | Found a dark tunnel.
 15429 | Volcano  | Entered a volcano
 15852 | Lair:4   | Reached skill level 13 in Unarmed Combat
 16177 | Lair:4   | Found a staircase to the Slime Pits.
 16532 | Lair:5   | Entered Level 5 of the Lair of Beasts
 16533 | Lair:5   | Noticed Sonja
 16703 | Lair:4   | Reached XP level 14. HP: 58/141 MP: 14/19
 16705 | Lair:4   | Identified the +1 cloak of Gibeifuc {rN+ MP-9 SInv}
                  | (Okawaru gifted it to you on level 4 of the Lair of Beasts)
 16705 | Lair:4   | Received a gift from Okawaru
 16713 | Lair:4   | Reached skill level 10 in Fighting
 16780 | Lair:5   | Noticed Urug
 16798 | Lair:4   | Reached skill level 1 in Armour
 16810 | Lair:5   | Noticed Nessos
 16835 | Lair:4   | Killed Urug
 16905 | Lair:5   | Killed Nessos
 16973 | Lair:5   | Killed Sonja
 17197 | Lair:5   | Reached skill level 14 in Unarmed Combat
 17639 | Lair:5   | Found the +7 great mace "Firestarter" {flame, immolate,
                  | rFlCloud rF++}
 18857 | Orc:1    | Entered Level 1 of the Orcish Mines
 18881 | D:10     | Received a gift from Okawaru
 19253 | Orc:1    | Found Kosisoash's Antique Weapon Emporium.
 19658 | Orc:2    | Entered Level 2 of the Orcish Mines
 20046 | Orc:2    | Reached skill level 15 in Unarmed Combat
 20081 | Orc:2    | Noticed Snorg
 20111 | Orc:1    | Killed Snorg
 20112 | Orc:1    | Reached XP level 15. HP: 38/152 MP: 15/20
 20114 | Orc:1    | Identified the +3 kite shield of Leapfrog {rElec} (Okawaru
                  | gifted it to you on level 1 of the Orcish Mines)
 20114 | Orc:1    | Received a gift from Okawaru
 20458 | Orc:2    | Noticed Josephine
 20467 | Orc:2    | Killed Josephine
 20546 | Orc:2    | Found a staircase to the Elven Halls.
 20635 | Orc:2    | Found Faykhagh's Jewellery Shop.
 20635 | Orc:2    | Found Hant's Assorted Antiques.
 20636 | Orc:2    | Found Vison's Weapon Shoppe.
 20636 | Orc:2    | Found Ityidaul's Book Boutique.
 20646 | Orc:2    | Bought a runed hat for 175 gold pieces
 22126 | D:13     | Reached skill level 16 in Unarmed Combat
 22179 | D:13     | Received a gift from Okawaru
 22214 | D:13     | You fall into a shaft and drop 2 floors!
 22214 | D:15     | Entered Level 15 of the Dungeon
 22315 | D:14     | Noticed Jorgrun
 22332 | D:14     | Killed Jorgrun
 22359 | D:14     | Found a gate leading to a gauntlet.
 22367 | Gauntlet | Entered a Gauntlet
 22367 | Gauntlet | Found a transporter.
 22367 | Gauntlet | Found a transporter.
 22367 | Gauntlet | Found a transporter.
 22367 | Gauntlet | Found a transporter.
 22371 | Gauntlet | Found a transporter.
 22371 | Gauntlet | Found a transporter.
 22385 | Gauntlet | Found a transporter.
 22387 | Gauntlet | Found a transporter.
 22397 | Gauntlet | Found a transporter.
 22499 | Gauntlet | Found a transporter.
 22501 | Gauntlet | Found a transporter.
 22511 | Gauntlet | Found a transporter.
 22669 | Gauntlet | Identified the ring "Orear" {rC+ Str+6}
 22929 | D:14     | Noticed Agnes
 22941 | D:14     | Killed Agnes
 23087 | D:14     | Received a gift from Okawaru
 23266 | D:13     | Found a gate to the Vaults.
 23344 | D:13     | Identified the +2 bardiche of the Depths {antimagic, rPois
                  | Str+3 Int+4}
 23373 | D:13     | Noticed Kirke
 23401 | D:13     | Killed Kirke
 23523 | D:13     | Reached XP level 16. HP: 165/165 MP: 21/21
 23855 | D:14     | Received a gift from Okawaru
 23959 | D:14     | Reached skill level 17 in Unarmed Combat
 24377 | D:15     | Found a broken altar of Ashenzari.
 24415 | D:15     | Identified the +8 quarterstaff of Aqau {freeze, rC+ Str+2}
                  | (Okawaru gifted it to you on level 15 of the Dungeon)
 24415 | D:15     | Received a gift from Okawaru
 24522 | D:15     | Found a staircase to the Depths.
 25545 | Snake:1  | Entered Level 1 of the Snake Pit
 25659 | Snake:1  | Noticed Louise
 25829 | Lair:2   | Killed Louise
 26112 | Snake:1  | Noticed Roxanne
 26117 | Snake:1  | Found a flickering gateway to a bazaar.
 26226 | Bazaar   | Entered a bazaar
 26240 | Bazaar   | Found Biss's Antique Armour Emporium.
 26256 | Bazaar   | Found Suti Beicauf's Armour Shoppe.
 26256 | Bazaar   | Found Heolereg's Assorted Antiques.
 26267 | Bazaar   | Bought a runed ivory ring for 150 gold pieces
 26278 | Bazaar   | Found Uprae's Magic Scroll Emporium.
 26283 | Bazaar   | Bought a scroll of fear for 36 gold pieces
 26283 | Bazaar   | Bought a scroll of silence for 85 gold pieces
 26283 | Bazaar   | Bought a scroll of fog for 36 gold pieces
 26451 | Snake:1  | Identified the +4 broad axe "Vaitwel" {drain, rF+} (Okawaru
                  | gifted it to you on level 1 of the Snake Pit)
 26451 | Snake:1  | Received a gift from Okawaru
 26734 | Snake:1  | Noticed Rupert
 26773 | Snake:1  | Killed Rupert
 26779 | Snake:1  | Reached skill level 18 in Unarmed Combat
 27027 | Snake:1  | Killed Roxanne
 27177 | Snake:2  | Identified the +2 robe of the Arcane {Drain rElec rCorr}
                  | (Okawaru gifted it to you on level 2 of the Snake Pit)
 27177 | Snake:2  | Received a gift from Okawaru
 27836 | Snake:2  | Found a sacrificial altar of Ru.
 28918 | Snake:3  | Reached XP level 17. HP: 175/175 MP: 22/22
 29749 | Snake:3  | Received a gift from Okawaru
 30371 | Snake:3  | Received a gift from Okawaru
 30381 | Snake:3  | Reached skill level 19 in Unarmed Combat
 31198 | Snake:4  | Entered Level 4 of the Snake Pit
 31896 | Snake:4  | Received a gift from Okawaru
 32270 | Snake:4  | Identified the scarf of Nehalies {repulsion, MP+9 Str+2
                  | Int-4} (Okawaru gifted it to you on level 4 of the Snake
                  | Pit)
 32270 | Snake:4  | Received a gift from Okawaru
 32290 | Snake:4  | Noticed a quicksilver dragon
 32365 | Snake:4  | Killed a quicksilver dragon
 32365 | Snake:4  | Noticed a quicksilver dragon
 32531 | Snake:4  | Killed a quicksilver dragon
 33427 | Swamp:1  | Entered Level 1 of the Swamp
 33435 | Swamp:1  | Reached XP level 18. HP: 187/187 MP: 23/23
 33898 | Swamp:1  | Reached skill level 20 in Unarmed Combat
 34116 | Swamp:2  | Paralysed by a fenstrider witch for 3 turns
 34704 | Swamp:3  | Noticed Donald
 34719 | Swamp:3  | HP: 8/187 [five-headed hydra (2)]
 34719 | Swamp:3  | HP: 2/187 [five-headed hydra (6)]
 34900 | Swamp:2  | Killed Donald
 35400 | Swamp:3  | Received a gift from Okawaru
 35906 | Swamp:4  | Entered Level 4 of the Swamp
 36130 | Swamp:3  | Received a gift from Okawaru
 36785 | Swamp:3  | Paralysed by a hornet for 2 turns
 37173 | Swamp:3  | Reached skill level 10 in Throwing
 37528 | Swamp:4  | Received a gift from Okawaru
 37638 | Swamp:4  | Received a gift from Okawaru
 37709 | Swamp:4  | Got a decaying rune of Zot
 39006 | Elf:1    | Entered Level 1 of the Elven Halls
 39264 | Elf:1    | Received a gift from Okawaru
 39439 | Elf:1    | Found a shimmering blue altar of Sif Muna.
 39443 | Elf:1    | Found Imeydarph's Assorted Antiques.
 39540 | Elf:1    | Reached skill level 21 in Unarmed Combat
 39709 | Elf:1    | Found Judwits's Magic Scroll Shop.
 39718 | Elf:1    | Bought a scroll of teleportation for 33 gold pieces
 39718 | Elf:1    | Bought a scroll of blinking for 82 gold pieces
 39718 | Elf:1    | Bought a scroll of teleportation for 33 gold pieces
 39878 | Elf:1    | Found Ozxiblim's Magic Scroll Shop.
 39938 | Elf:1    | Reached XP level 19. HP: 154/197 MP: 24/24
 39986 | Elf:1    | Identified the staff of death "Leolaym" {rN+ Stlth+}
 39986 | Elf:1    | Identified the +9 sling "Couram" {heavy, rCorr}
 40035 | Elf:1    | Reached skill level 15 in Shields
 40127 | Elf:1    | Noticed Azrael
 40147 | Elf:1    | Killed Azrael
 40201 | Elf:1    | Found Setol's Specific Store.
 40204 | Elf:1    | Found Weelutin's General Store.
 40520 | Elf:2    | Paralysed by an air elemental for 1 turns
 40875 | Elf:2    | Found a runed translucent gate.
 40876 | Elf:2    | Found a runed translucent gate.
 40876 | Elf:2    | Found a runed translucent gate.
 40933 | Elf:2    | Identified the +2 robe "Jokygyra" {Str+4 Stlth+}
 41027 | Elf:3    | Entered Level 3 of the Elven Halls
 41458 | Elf:3    | Identified the ring "Qaff" {rElec Will+ Dex+4 Stlth-}
 41464 | Elf:3    | Killed from afar by a deep elf annihilator

Illustrated notes

Levels and vault maps discovered:
D:1:      ncdulo_halloftheorcs, layout_basic
D:2:      layout_loops_ring, basic_altar
D:3:      layout_rooms, ebering_ecumenical_altar_hall, serial_shops, shop,
          cheibrodos_sewer_entry_bend
D:4:      layout_layer_cave, grunt_temple_overflow_diamond, nicolae_shop_gadgets
D:5:      layout_rooms, lemuel_tele_altar
D:6:      gammafunk_steamed_eel, layout_basic, minmay_temple_entry_glassed_door,
          lemuel_flamethrower_2, uniq_edmund
D:7:      nzn_winding_woodlands_medium [nzn_winding_woodlands_5x5_cross,
          nzn_winding_woodlands_5x15_garden,
          nzn_winding_woodlands_5x5_open_star, nzn_winding_woodlands_hourglass,
          nzn_winding_woodlands_center_garden, nzn_winding_woodlands_5x5_three,
          nzn_winding_woodlands_5x5_default, nzn_winding_woodlands_5x15_crooked,
          nzn_winding_woodlands_5x5_perimeter], layout_cave_pods,
          overflow_temple_1_default, zin_academy, serial_shops,
          kennysheep_little_box, minivault_11, nicolae_kite_square_tiling_tiny,
          uniq_crazy_yiuf_cottage, uniq_duvessa
D:8:      layout_basic, minmay_misc_feat_more_columns
D:9:      layout_roguey, mainiacjoe_overflow_alcove_2
D:10:     layout_basic, jmf_multi_god_temple2, orc_0_dummy, enter_bailey_3,
          serial_shops, shop
D:11:     layout_roguey, david_lair_generic
D:12:     minmay_roctagon, layout_basic, disabler_island
D:13:     layout_roguey, hangedman_vaults_entry_quadrant_bands, uniq_kirke
D:14:     layout_loops_ring, special_room [special_room_orc],
          gauntlet_entry_generic, uniq_agnes, uniq_jorgrun
D:15:     hangedman_depths_entry_civil_slaughter, layout_basic,
          nicolae_ashenzari_panopticon, due_unseen_surprise
Temple:   oiseaux_autumnal_temple
Lair:1:   layout_regular_city
Lair:2:   layout_cave_pods, guppyfry_snake_entry_garden, basic_altar,
          dreamdust_deal_with_the_devil, grunt_forest_small_clearings,
          uniq_harold
Lair:3:   layout_gridlike, skrybe_swamp_entry_bodies, grunt_megastairs_3,
          uniq_fannar
Lair:4:   layout_hall_layers, dpeg_slime_entry_enclosed,
          nicolae_volcano_entry_lava_flow, portal_ice_cave_entry_pillars_1,
          worms_lemuel
Lair:5:   due_jungle_book, layout_misc_corridors, pond, uniq_urug, uniq_nessos,
          uniq_sonja
Swamp:1:  layout_basic_swamp, evilmike_swamp_ruin_rubble_2,
          nicolae_swamp_super_fun_site
Swamp:2:  layout_falls_marsh, hangedman_swamp_pad
Swamp:3:  layout_basic_swamp, infiniplex_staircase_pool_2, uniq_donald
Swamp:4:  swamp, layout_basic_swamp, nicolae_swamp_well_well_well
Snake:1:  layout_onion_interference, serial_shops, bzr_entry_safe, drop_trap,
          library_closet, uniq_louise, uniq_rupert, uniq_roxanne
Snake:2:  layout_onion_interference, drop_trap, lemuel_altar_in_water2,
          serial_bayou_crossing, grunt_megastairs_5, serial_bayou_shore_a
Snake:3:  hangedman_cross_veins, layout_chambers,
          nicolae_snake_the_dead_are_slithering
Snake:4:  hellmonk_snake_rune_quicksilver_temple, layout_cave_town, drop_trap,
          serial_bayou_shore_b
Orc:1:    layout_caves, serial_shops, shop_fountains
Orc:2:    st_orc_ogre_mass, layout_diamond_mine, uniq_snorg, uniq_josephine
Elf:1:    minmay_elf_arrival_summoners, layout_geoelf_diagonals, serial_shops,
          shop_fountains, nicolae_shop_back_alley_shop,
          nicolae_shop_just_a_little_nook, basic_altar, nicolae_specific_store,
          st_stairs_14, minmay_the_grid_2x2 [minmay_the_grid_x,
          minmay_the_grid_garden, minmay_the_grid_paths,
          minmay_the_grid_prize_four_corners_diamond_b], uniq_azrael
Elf:2:    nicolae_elf_blades_crystal_corner, layout_geoelf_octagon
Elf:3:    elf_hall, layout_geoelf_grid

Skill      XL: |  1  2  3  4  5  6  7  8  9 10 11 12 13 14 15 16 17 18 19 |
---------------+----------------------------------------------------------+-----
Shields        | 3 4 5 6 7 8 9 10 11 12 13 14 15 | 15.2
Fighting       | 3 4 5 6 7 8 9 10 11 12 13 14 | 14.4
Unarmed Combat | 3 4 5 7 8 9 11 13 15 16 18 19 21 | 21.5
Dodging        | 4 5 6 7 |  7.9
Throwing       | 1 5 7 8 10 | 10.8
Invocations    | 1 8 |  8.0
Armour         | 4 |  4.9

Action                     |  1- 3 |  4- 6 |  7- 9 | 10-12 | 13-15 | 16-18 | 19-21 || total
---------------------------+-------+-------+-------+-------+-------+-------+-------++-------
  Melee: Unarmed           |    66 |   136 |   258 |   745 |  1315 |  1572 |   184 ||  4276
  Throw: Javelin           |       |     3 |     2 |       |    19 |    87 |    12 ||   123
         Dart              |       |       |       |     4 |     4 |       |       ||     8
         Large rock        |       |       |       |     1 |     1 |    34 |     2 ||    38
         Throwing net      |       |       |       |     1 |       |       |     1 ||     2
         Boomerang         |       |       |       |       |    38 |       |       ||    38
 Invoke: Heroism           |       |       |       |     4 |     3 |     1 |       ||     8
         Finesse           |       |       |       |     1 |    10 |     9 |     3 ||    23
  Evoke: Wand              |       |       |       |       |     9 |     4 |     1 ||    14
    Use: Scroll            |       |       |       |    20 |    12 |     8 |       ||    40
         Potion            |       |       |       |     1 |     3 |     2 |       ||     6
   Stab: Sleeping          |       |     1 |       |     2 |       |       |       ||     3
         Distracted        |       |       |       |       |     1 |       |       ||     1
 Armour: Robe              |    27 |    40 |    17 |       |       |       |       ||    84
         Steam dragon scal |       |       |    36 |   231 |    67 |       |       ||   334
         Quicksilver drago |       |       |       |       |   320 |   356 |       ||   676
         Swamp dragon scal |       |       |       |       |       |   135 |       ||   135
         Storm dragon scal |       |       |       |       |       |    85 |    36 ||   121
  Dodge: Dodged            |    23 |    68 |   142 |   360 |   481 |   450 |    15 ||  1539
  Block: Kite shield       |    17 |    57 |   125 |   414 |   588 |   748 |       ||  1949
         Tower shield      |       |       |       |       |       |   369 |    97 ||   466
